 Dungeon Crawl Stone Soup version 0.30-a0-989-g0d87f670db (webtiles) character file.

Game seed: 11653172632346321707

2286 Dirtsage the Cleaver (level 9, -2/63 HPs)
             Began as a Demonspawn Berserker on Apr 3, 2023.
             Was a Priest of Trog.
             Slain by an orc warrior
             ... wielding a +0 long sword
              (8 damage)
             ... on level 7 of the Dungeon.
             The game lasted 00:08:36 (4842 turns).

Dirtsage the Cleaver (Demonspawn Berserker)         Turns: 4842, Time: 00:08:37

Health: -2/63      AC:  8    Str: 27    XL:     9   Next: 17%
Magic:  9/9        EV: 11    Int: 10    God:    Trog [***...]
Gold:   182        SH:  0    Dex: 18    Spells: 8/8 levels left

rFire   . . .      SeeInvis .    a - +0 hand axe
rCold   . . .      Faith    .    (no shield)
rNeg    . . .      Spirit   .    m - +0 scale mail
rPois   .          Reflect  .    (helmet restricted)
rElec   .          Rampage  .    s - +0 cloak
rCorr   .                        t - +0 pair of gloves
Will    .....                    (no boots) Stlth
                                 (no amulet)
HPRegen 0.30/turn                r - +6 ring of strength
MPRegen 0.11/turn                B - +6 ring of dexterity

@: on berserk cooldown, slowed, very slow
A: horns 2, powered by pain 1
a: Renounce Religion, Berserk, Trog's Hand


You were on level 7 of the Dungeon.
You worshipped Trog.
Trog was most pleased with you.
You visited 1 branch of the dungeon, and saw 7 of its levels.
You also visited: Sewer.

You collected 182 gold pieces.

Inventory:

Hand Weapons
 a - a +0 hand axe (weapon)
Armour
 m - a +0 scale mail (worn)
 s - a +0 cloak (worn)
 t - a +0 pair of gloves (worn)
 v - a +0 troll leather armour {Pargi}
Jewellery
 r - a +6 ring of strength (left hand)
 B - a +6 ring of dexterity (right hand)
Wands
 k - a wand of polymorph (14)
 C - a wand of flame (11)
Scrolls
 b - 2 scrolls of poison {unknown}
 c - 6 scrolls of identify {unknown}
 f - 4 scrolls of vulnerability {unknown}
 i - a scroll of blinking {unknown}
 j - a scroll of enchant armour {unknown}
 n - 2 scrolls of teleportation {unknown}
 p - a scroll of amnesia {unknown}
 u - a scroll of magic mapping {unknown}
 y - a scroll of torment {unknown}
 A - a scroll of noise {unknown}
 D - a scroll of enchant weapon {unknown}
Potions
 d - 2 potions of resistance {unknown}
 e - 3 potions of brilliance {unknown}
 g - 2 potions of heal wounds {unknown}
 h - 2 potions of lignification {unknown}
 l - a potion of attraction {unknown}
 o - a potion of curing {unknown}
 q - a potion of haste {unknown}
 w - a potion of ambrosia {unknown}
 x - 3 potions of flight {unknown}
 z - a potion of magic {unknown}


   Skills:
 - Level 3.0 Fighting
 + Level 11.5 Axes
 - Level 1.7 Armour
 - Level 1.7 Dodging


You had 8 spell levels left.
You didn't know any spells.
Your spell library contained the following spells:

 Spells                   Type           Power      Damage    Failure   Level
 Static Discharge         Conj/Air       0%         2-2/arc   78%         2
 Vhi's Electric Charge    Tloc/Air       0%         N/A       95%         3
 Arcjolt                  Conj/Air       0%         1d10      100%        5
 Plasma Beam              Fire/Air       0%         2x1d7     100%        5
 Maxwell's Capacitive Co  Air            0%         ∞         100%        8


Dungeon Overview and Level Annotations

Branches:
Dungeon (7/15)              Sewer (visited)
 Temple: D:4-7

Altars:
Gozag
Ru
Trog
Wu Jian

Annotations:
D:6 Blork the orc, Eustachio


Innate Abilities, Weirdness & Mutations

You have a pair of horns on your head.
You sometimes gain a little power by taking damage.


Message History

Blork the orc comes into view.
He is wielding a +2 dire flail of draining.
The bat hits you but does no damage.
There is a stone staircase leading down here.
The bat disappears in a puff of smoke!
The quokka disappears in a puff of smoke!
The bat hits you but does no damage. The bat closely misses you.
The orc warrior hits you but does no damage.
The bat barely misses you. The orc warrior misses you.
You climb downwards.
There is a stone staircase leading up here.
You slash the orc warrior!
The orc warrior is moderately wounded.
The orc warrior hits you but does no damage.
The orc warrior blocks your attack.
The orc warrior is moderately wounded.
The orc warrior hits you with a +0 long sword!
You take 8 damage, and have 27/63 hp.
You closely miss the orc warrior.
The orc warrior is moderately wounded.
The orc warrior hits you with a +0 long sword.
You take 3 damage, and have 24/63 hp.
The orc warrior blocks your attack.
Your headbutt misses the orc warrior.
The orc warrior is moderately wounded.
The orc warrior hits you with a +0 long sword!
* * * LOW HITPOINT WARNING * * *
You take 9 damage, and have 15/63 hp.
You hit the orc warrior.
The orc warrior is heavily wounded.
The orc warrior hits you with a +0 long sword.
* * * LOW HITPOINT WARNING * * *
You take 4 damage, and have 11/63 hp.
The orc warrior blocks your attack.
Your headbutt misses the orc warrior.
The orc warrior is heavily wounded.
The orc warrior hits you with a +0 long sword.
* * * LOW HITPOINT WARNING * * *
You take 5 damage, and have 6/63 hp.
You closely miss the orc warrior. Your headbutt misses the orc warrior.
The orc warrior is heavily wounded.
The orc warrior hits you with a +0 long sword!
You die...

### #. .# .
... .# #
#..#. .. .#
#....
.#..##
#..#.#.#...
....... .#
#...#...##
#.@.......
#.?o......
...#.#.....
###. .#
.... .. ..
... .#. .#.
.. .#. .#.
. . .. .# .


You could see an orc warrior.

Vanquished Creatures
  Pikel (D:6)
  A water moccasin (D:5)
  Pargi (Sewer)
  An ice beast (D:6)
  2 black bears
  An orc warrior (D:4)
  An ogre (D:5)
  A centaur (D:6)
  2 phantoms (D:5)
  A lemure (D:6)
  A kobold brigand (D:6)
  2 bullfrogs
  2 howler monkeys (D:5)
  An electric eel (D:6)
  Crazy Yiuf (D:3)
  2 orc priests
  4 hounds
  A sleepcap (D:5)
  Terence (D:2)
  7 iguanas
  2 orc wizards
  5 adders
  An ufetubus (D:4)
  4 worms
  4 dart slugs
  10 orcs
  7 endoplasms
  6 giant cockroaches
  7 goblins
  15 hobgoblins
  4 jackals (D:5)
  6 quokkas
  6 ball pythons
  5 bats
  5 frilled lizards
  15 kobolds
  10 rats
146 creatures vanquished.

Notes
Turn   | Place    | Note
-------+----------+-------------------------------------------
     0 | D:1      | Dirtsage the Demonspawn Berserker began the quest for the
                  | Orb.
     0 | D:1      | Reached XP level 1. HP: 18/18 MP: 1/1
   159 | D:1      | Reached skill level 3 in Axes
   175 | D:1      | Found a faded altar of an unknown god.
   202 | D:1      | Gained mutation: You have a pair of small horns on your
                  | head. [demonic ancestry]
   202 | D:1      | Reached XP level 2. HP: 24/24 MP: 2/2
   746 | D:2      | Noticed Terence
   754 | D:2      | Reached XP level 3. HP: 29/29 MP: 3/3
   755 | D:2      | Killed Terence
   756 | D:2      | Reached skill level 4 in Axes
   925 | D:2      | Gained mutation: You sometimes gain a little power by
                  | taking damage. [demonic ancestry]
   925 | D:2      | Reached XP level 4. HP: 28/35 MP: 4/4
  1116 | D:2      | Reached ** piety under Trog
  1481 | D:3      | Found a runed translucent door.
  1482 | D:3      | Noticed Crazy Yiuf
  1508 | D:3      | Reached skill level 5 in Axes
  1543 | D:3      | Killed Crazy Yiuf
  1544 | D:3      | Reached XP level 5. HP: 41/41 MP: 5/5
  1886 | D:3      | Found a glowing drain.
  1890 | Sewer    | Entered a sewer
  1934 | Sewer    | Noticed Pargi
  1939 | Sewer    | Killed Pargi
  1940 | Sewer    | Reached skill level 6 in Axes
  2112 | D:3      | Reached XP level 6. HP: 47/47 MP: 6/6
  2295 | D:4      | Found an ornate altar of the Wu Jian Council.
  2583 | D:4      | Found a sacrificial altar of Ru.
  2665 | D:4      | Reached skill level 7 in Axes
  2720 | D:4      | Gained mutation: You have a pair of horns on your head.
                  | [demonic ancestry]
  2720 | D:4      | Reached XP level 7. HP: 52/52 MP: 7/7
  2777 | D:4      | Reached *** piety under Trog
  2793 | D:4      | Reached skill level 8 in Axes
  3236 | D:5      | Entered Level 5 of the Dungeon
  3573 | D:5      | Reached skill level 9 in Axes
  3573 | D:5      | Reached XP level 8. HP: 40/58 MP: 8/8
  4252 | D:6      | Reached skill level 10 in Axes
  4535 | D:6      | Noticed Pikel
  4546 | D:6      | Killed Pikel
  4547 | D:6      | Reached skill level 11 in Axes
  4547 | D:6      | Reached XP level 9. HP: 63/63 MP: 9/9
  4617 | D:6      | Found a bloodstained altar of Trog.
  4617 | D:6      | Found an opulent altar of Gozag.
  4829 | D:6      | Noticed Eustachio
  4833 | D:6      | Noticed Blork the orc
  4842 | D:7      | Slain by an orc warrior

Illustrated notes

Levels and vault maps discovered:
D:1:      dpeg_arrival_connections, layout_basic, basic_ecumenical_altar
D:2:      layout_rooms, uniq_terence
D:3:      layout_basic, gup_sewer_entry_bowl, uniq_crazy_yiuf_cottage
D:4:      layout_gridville, nicolae_wu_jian_wuxing_cycle,
          nicolae_overflow_squiral, minmay_fractal_squares_5
D:5:      layout_cave_pools, minmay_misc_feat_iff, kennysheep_generic_room_3
D:6:      layout_basic, nicolae_overflow_two_pavilions, sword_in_stone,
          uniq_pikel
D:7:      layout_basic, minmay_temple_entry_fiery, minmay_hollow_rounded_squares

Skill      XL: |  1  2  3  4  5  6  7  8 |
---------------+-------------------------+-----
Axes           | 3 4 5 6 7 9 11 | 11.5
Fighting       | |  3.0
Armour         | |  1.7
Dodging        | |  1.7

Action                     |  1- 3 |  4- 6 |  7- 9 || total
---------------------------+-------+-------+-------++-------
  Melee: Hand axe          |    90 |   184 |   209 ||   483
         Headbutt          |    12 |    24 |    45 ||    81
         Punch             |     1 |       |     2 ||     3
 Invoke: Berserk           |     3 |     4 |     6 ||    13
   Stab: Sleeping          |     1 |       |       ||     1
 Armour: Animal skin       |    10 |       |       ||    10
         Scale mail        |     5 |   101 |    49 ||   155
  Dodge: Dodged            |    70 |   104 |    79 ||   253

Table legend: (Time is in decaauts)
 A = Elapsed time spent in this place.
 B = Non-inter-level travel time spent in this place.
 C = Inter-level travel time spent in this place.
 D = Time resting spent in this place.
 E = Time spent auto-exploring this place.
 F = Levels seen in this place.
 G = Mean time per level.
                   A        B        C        D        E       F      G
               +--------+--------+--------+--------+--------+-----+--------+
         Total |   4940 |   4829 |    111 |    669 |   3173 |   8 |  617.5 |
       Dungeon |   4710 |   4599 |    111 |    633 |   3047 |   7 |  672.9 |
         Sewer |    229 |    229 |      0 |     35 |    126 |   1 |  229.0 |
               +--------+--------+--------+--------+--------+-----+--------+

Top non-repeatable levels by time:
     D:5: 1008 daAuts
     D:4: 979 daAuts
     D:3: 773 daAuts
     D:1: 766 daAuts
     D:6: 594 daAuts
     D:2: 581 daAuts
   Sewer: 229 daAuts
     D:7: 7 daAuts
